 Seeded DCSS version 0.30-b1-5-g8e6c1be481 (webtiles) character file.

Game seed: 1 (custom seed)

119 Kazon the Insei (level 5, -1/29 HPs)
             Began as an Octopode Transmuter on May 3, 2023.
             Was a Believer of Hepliaklqana.
             Slain by an ice beast (6 damage)
             ... on level 3 of the Dungeon.
             The game lasted 00:13:54 (1640 turns).

Kazon the Insei (Octopode Transmuter)               Turns: 1640, Time: 00:13:55

Health: -1/29      AC:  1    Str: 11    XL:     5   Next: 3%
Magic:  8/8        EV: 13    Int: 15    God:    Hepliaklqana [**....]
Gold:   165        SH:  0    Dex: 13    Spells: 5/8 levels left

rFire   . . .        e - +2 dagger (venom)
rCold   . . .        (no shield)
rNeg    . . .        s - melded +0 hat
rPois   .            (no amulet)
rElec   .            m - ring of wizardry
rCorr   .            (no ring)
SInv    .            (no ring)
Will    .....        (no ring)
Stlth   +++          (no ring)
HPRegen 0.24/turn    (no ring)
MPRegen 0.11/turn    (no ring)
                     (no ring)

%: wizardry (x1)
@: appendages (expiring)
A: tentacle spike 3, reduced essence, almost no armour, amphibious, 8 rings,
camouflage 1, gelatinous body 1, (nimble swimmer 1), tentacles
a: End Transformation, Renounce Religion, Ancestor Life: Knight, Ancestor Life:
Battlemage, Ancestor Life: Hexer, Recall Ancestor, Ancestor Identity


You were on level 3 of the Dungeon.
You worshipped Hepliaklqana.
Hepliaklqana was pleased with you.
One of your tentacles had grown a beastly spike.
You visited 1 branch of the dungeon, and saw 3 of its levels.

You collected 165 gold pieces.

Inventory:

Hand Weapons
 e - a +2 dagger of venom (weapon)
Missiles
 b - a stone
 j - 5 poisoned darts (quivered)
 t - 2 boomerangs
Armour
 s - a +0 hat (melded)
Jewellery
 m - a ring of wizardry (left tentacle)
Scrolls
 c - a scroll of silence {unknown}
 d - a scroll of magic mapping {unknown}
 f - a scroll of vulnerability {unknown}
 g - a scroll of fear {unknown}
 i - 2 scrolls of identify
 n - a scroll of blinking {unknown}
 p - a scroll of poison {unknown}
 q - a scroll of immolation {unknown}
Potions
 a - 2 potions of lignification
 h - a potion of ambrosia
 k - 2 potions of haste {unknown}
 l - a potion of mutation {unknown}
 o - 2 potions of heal wounds
 r - 2 potions of curing


   Skills:
 + Level 1.2 Fighting
 + Level 1.1 Short Blades
 + Level 0.4 Throwing
 + Level 2.6 Dodging
 + Level 2.1 Stealth
 + Level 3.6 Unarmed Combat
 + Level 2.3 Spellcasting
 + Level 2.3 Transmutations
 * Level 1.4 Invocations


You had 5 spell levels left.
You knew the following spells:

 Your Spells              Type           Power      Damage    Failure   Level
a - Beastly Appendage     Tmut           16%        N/A       3%          1
b - Wereblood             Tmut           8%         N/A       4%          2

Your spell library contained the following spells:

 Spells                   Type           Power      Damage    Failure   Level
 Slow                     Hex            4%         N/A       9%          1
 Spider Form              Tmut/Pois      5%         N/A       16%         3
 Confusing Touch          Hex            1%         N/A       26%         3
 Dazzling Flash           Conj/Hex       2%         N/A       26%         3
 Vampiric Draining        Necr           1%         2d6       26%         3
 Volatile Blastmotes      Fire/Tloc      2%         2d10      26%         3
 Ice Form                 Ice/Tmut       5%         N/A       45%         4
 Iskenderun's Mystic Bla  Conj/Tloc      1%         2d3       61%         4
 Starburst                Conj/Fire      0%         6d3       100%        6


Dungeon Overview and Level Annotations

Branches:
Dungeon (3/15)

Altars:
Hepliaklqana

Shops:
D:3 [


Innate Abilities, Weirdness & Mutations

One of your tentacles has grown a beastly spike.
Your life essence is reduced to manifest your ancestor. (-10% HP)
You cannot wear most types of armour.
You are amphibious.
You can wear up to eight rings at the same time.
Your skin changes colour to match your surroundings (Stealth+).
Your rubbery body absorbs attacks. (AC +1, EV +1)
((You are camouflaged when in or above water. (Stealth+)))
You have tentacles for arms and can constrict up to eight enemies at once.


Message History

You pierce the ice beast, but do no damage.
You squeeze the ice beast.
The ice beast is lightly wounded.
Your transformation is almost over.
The ice beast completely misses you.
Kendra barely misses the ice beast.
You hit the ice beast.
You pierce the ice beast, but do no damage.
The ice beast is moderately wounded.
The ice beast misses you.
You hit the ice beast. Your squeeze misses the ice beast.
The ice beast is moderately wounded.
Kendra hits the ice beast.
The ice beast barely misses you.
You closely miss the ice beast.
You pierce the ice beast.
You tentacle-slap the ice beast, but do no damage.
You squeeze the ice beast, but do no damage.
The ice beast is heavily wounded.
A ball python comes into view.
Kendra barely misses the ice beast.
The ice beast hits you. The ice beast freezes you!
The ball python hisses angrily.
You hit the ice beast.
Your tentacle spike misses the ice beast.
Your tentacle-slap misses the ice beast.
You squeeze the ice beast.
The ice beast is severely wounded.
Kendra hits the ice beast but does no damage.
The ice beast barely misses you.
You hit the ice beast but do no damage.
The ice beast is severely wounded.
Kendra hits the ice beast but does no damage.
The ice beast hits you. The ice beast freezes you!
* * * LOW HITPOINT WARNING * * *
Unknown command.
You hit the ice beast.
The ice beast is poisoned.
You pierce the ice beast, but do no damage.
The ice beast is severely wounded.
Kendra closely misses the ice beast.
The ice beast hits you.
* * * LOW HITPOINT WARNING * * *
The ice beast freezes you.
You die...

##### #~~ ~P# #..). #.~~ ♣~P#
#.... .~P~♣♣♣♣♣~P #....
.~~~~~~♣~~# #.... ..~.P~~~~P#
#.[.. .....~P.R.# #####
......SYP.# ###...
......†@..#########...##
....................####
.........######.##### #
........#######..>######
.#.....##.......#....#.. ######
#.##########<..#
#.###########...
################.#........##..^
##...##...........#.#####.###..#


You could see the friendly Kendra the ancestor, an ice beast (poisoned, ally
target) and a ball python.

Vanquished Creatures
  3 adders (D:2)
  3 gnolls (D:3)
  2 dart slugs
  An orc (D:3)
  3 endoplasms (D:1)
  3 giant cockroaches
  6 goblins
  5 hobgoblins
  3 quokkas
  5 ball pythons
  7 bats
  2 frilled lizards (D:1)
  3 kobolds
  7 rats
53 creatures vanquished.

Vanquished Creatures (collateral kills)
  A ball python (D:2)
  2 hobgoblins (D:3)
  A kobold (D:2)
4 creatures vanquished.

Vanquished Creatures (others)
  12 plants (D:3)
12 creatures vanquished.

Grand Total: 69 creatures vanquished

Notes
Turn   | Place    | Note
-------+----------+-------------------------------------------
     0 | D:1      | Kazon the Octopode Transmuter began the quest for the Orb.
     0 | D:1      | Reached XP level 1. HP: 13/13 MP: 3/3
   174 | D:1      | Reached XP level 2. HP: 18/18 MP: 3/5
   450 | D:1      | Found a faded altar of an unknown god.
   489 | D:1      | Prayed at the altar of an unknown god.
   489 | D:1      | Became a worshipper of Hepliaklqana the Forgotten
   489 | D:1      | Reached * piety under Hepliaklqana
   608 | D:1      | Reached XP level 3. HP: 19/20 MP: 6/6
   737 | D:2      | Learned a level 2 spell: Wereblood
   781 | D:2      | Reached skill level 1 in Stealth
   781 | D:2      | Reached XP level 4. HP: 25/25 MP: 7/7
  1043 | D:2      | Reached ** piety under Hepliaklqana
  1059 | D:2      | Reached skill level 1 in Invocations
  1261 | D:3      | Reached skill level 1 in Short Blades
  1271 | D:3      | Found Pazuischa's Antique Armour Shoppe.
  1352 | D:3      | Reached XP level 5. HP: 17/29 MP: 8/8
  1628 | D:3      | Noticed an ice beast
  1640 | D:3      | Slain by an ice beast

Illustrated notes

Levels and vault maps discovered:
D:1:      dpeg_arrival_snail, layout_loops_ring, nicolae_ecumenical_lake_church,
          amethyst_killhole
D:2:      layout_rooms, st_stairs_9
D:3:      layout_rooms, serial_shops, shop, serial_bayou_pond_c,
          kennysheep_generic_room_14

Skill      XL: |  1  2  3  4 |
---------------+-------------+-----
Stealth        | 1 2 |  2.1
Invocations    | 1 |  1.4
Short Blades   | 1 |  1.1
Fighting       | |  1.2
Throwing       | |  0.4
Dodging        | |  2.6
Unarmed Combat | |  3.6
Spellcasting   | |  2.3
Transmutations | |  2.3

Action                     |  1- 3 |  4- 6 || total
---------------------------+-------+-------++-------
  Melee: Unarmed           |    10 |       ||    10
         Constrict         |     8 |    14 ||    22
         Kick              |     6 |     7 ||    13
         Dagger            |    36 |    47 ||    83
         Tentacles         |     4 |    11 ||    15
         Punch             |       |     3 ||     3
  Throw: Stone             |    11 |     6 ||    17
         Dart              |       |     4 ||     4
   Cast: Beastly Appendage |     4 |     8 ||    12
         Wereblood         |       |     1 ||     1
    Use: Scroll            |     2 |     2 ||     4
   Stab: Sleeping          |     5 |     4 ||     9
         Distracted        |     1 |     1 ||     2
 Armour: Skin              |     3 |     2 ||     5
  Dodge: Dodged            |    22 |    28 ||    50
